 Dungeon Crawl Stone Soup version 0.23.2-33-g5129a83184 (webtiles) character file.

Game seed: 7005772615257570494

70052 Thargor the Thaumaturge (level 15, -7/115 (117) HPs)
             Began as a Gnoll Skald on July 12, 2019.
             Was a High Priest of Ashenzari.
             Killed from afar by a fire giant (35 damage)
             ... with a bolt of fire
             ... on level 15 of the Dungeon.
             The game lasted 01:34:35 (23719 turns).

Thargor the Thaumaturge (Gnoll Skald)              Turns: 23719, Time: 01:34:36

HP:   -7/115 (117)  AC: 18    Str: 20    XL:     15   Next: 32%
MP:   29/29         EV: 27    Int: 17    God:    Ashenzari [*****.]
Gold: 946           SH:  0    Dex: 27    Spells: 19/35 levels left

rFire    . . .     SeeInvis +   B - +11 falchion of Thargor's Evisceration {flame, Str-4 Dex+7 SInv}
rCold    . . .     Gourm    .   v - +2 buckler (curse)
rNeg     . . .     Faith    .   b - +0 leather armour
rPois    .         Spirit   .   y - +2 helmet "Fuero" {MR+ Str+4 Slay+3 Stlth+} (curse)
rElec    .         Reflect  .   G - +1 cloak
rCorr    .         Harm     .   H - +2 pair of gloves (curse)
MR       ++...     Clarity  +   e - +2 pair of boots (curse)
Stlth    +++.......             V - amulet of rage
HPRegen  0.29/turn              O - +4 ring of dexterity
MPRegen  0.21/turn              L - ring of the Octopus King {Wiz AC+1 EV+1 Str+1 Int+1 Dex+1} (curse)

@: confused, about to teleport, shrouded
A: distributed training, fangs 1, strong nose
a: Curse Item, Scrying, Renounce Religion, Evoke Berserk Rage


You were on level 15 of the Dungeon.
You worshipped Ashenzari.
Ashenzari was extremely pleased with you.
You were not hungry.

You visited 3 branches of the dungeon, and saw 22 of its levels.
You also visited: Gauntlet.

You collected 1451 gold pieces.
You spent 505 gold pieces at shops.

Inventory:

Hand Weapons
 B - the +11 falchion of Thargor's Evisceration (weapon) {flame, Str-4 Dex+7 SInv}
   (You found it on level 7 of the Dungeon)

   It has been specially enchanted to burn those struck by it, causing extra
   injury to most foes and up to half again as much damage against particularly
   susceptible opponents.
   Big, fiery blades are also staple armaments of hydra-hunters.
   It affects your strength (-4).
   It affects your dexterity (+7).
   It lets you see invisible.
Missiles
 r - 140 bolts
 R - 12 tomahawks (quivered)
 U - 2 javelins
Armour
 b - a +0 leather armour (worn)
 e - a cursed +2 pair of boots (worn)
 v - a cursed +2 buckler (worn)
 y - the cursed +2 helmet "Fuero" (worn) {MR+ Str+4 Slay+3 Stlth+}
   (You bought it in a shop on level 9 of the Dungeon)

   It affects your strength (+4).
   It affects your accuracy and damage with ranged weapons and melee attacks
   (+3).
   It affects your resistance to hostile enchantments.
   It makes you more stealthy.
   It has a curse placed upon it.
 G - a +1 cloak (worn)
 H - a cursed +2 pair of gloves (worn)
 J - a +2 pair of boots of flying
Jewellery
 L - a cursed ring of the Octopus King (right hand) {Wiz AC+1 EV+1 Str+1 Int+1 Dex+1}
   (You found it in a Gauntlet)

   [ring of wizardry]

   It improves your spell success rate.
   It affects your AC (+1).
   It affects your evasion (+1).
   It affects your strength (+1).
   It affects your intelligence (+1).
   It affects your dexterity (+1).
   It has a curse placed upon it.
 O - a +4 ring of dexterity (left hand)
 V - an amulet of rage (around neck)
Wands
 c - a wand of iceblast (7)
 h - a wand of random effects (17)
 s - a wand of acid (9)
 t - a wand of paralysis (10)
 x - a wand of disintegration (2)
 M - a wand of flame (27)
 N - a wand of polymorph (9)
Scrolls
 a - a scroll of torment
 i - 4 scrolls of magic mapping
 j - 3 scrolls of amnesia
 k - 3 scrolls of teleportation
 m - 6 scrolls of enchant weapon
 o - 5 scrolls of remove curse
 p - 2 scrolls of fog
 F - a scroll of summoning
 Q - 5 scrolls of identify
 S - a scroll of silence
Potions
 g - 5 potions of agility
 n - 6 potions of curing
 q - 5 potions of flight
 u - 2 potions of lignification
 w - 2 potions of mutation
 z - 5 potions of brilliance
 C - 2 potions of magic
 E - 2 potions of resistance
 I - 2 potions of haste
 P - 3 potions of might
Miscellaneous
 K - a lightning rod (4/4)
 T - a phial of floods
Comestibles
 d - 31 rations
 A - 3 chunks of flesh


   Skills:
 + Level 10.7 Fighting
 + Level 9.8 Short Blades
 + Level 10.7 Long Blades
 + Level 9.8 Axes
 + Level 9.8 Maces & Flails
 + Level 9.8 Polearms
 + Level 9.8 Staves
 + Level 9.8 Slings
 + Level 9.8 Bows
 + Level 9.8 Crossbows
 + Level 9.8 Throwing
 + Level 10.1 Armour
 + Level 10.7(13.2) Dodging
 + Level 9.8(12.3) Stealth
 + Level 9.8(12.3) Shields
 + Level 9.8 Unarmed Combat
 + Level 10.9 Spellcasting
 + Level 8.2 Conjurations
 + Level 8.2 Hexes
 + Level 9.9 Charms
 + Level 8.2 Summonings
 + Level 8.2 Necromancy
 + Level 8.2 Translocations
 + Level 8.2 Transmutations
 + Level 8.2 Fire Magic
 + Level 8.2 Ice Magic
 + Level 8.2 Air Magic
 + Level 8.2 Earth Magic
 + Level 8.2 Poison Magic
 + Level 10.6 Invocations
 + Level 9.8 Evocations


You had 19 spell levels left.
You knew the following spells:

 Your Spells              Type           Power        Failure   Level  Hunger
a - Infusion              Chrm           ####         1%          1    None
b - Song of Slaying       Chrm           #####...     1%          2    None
c - Shroud of Golubria    Chrm/Tloc      #####.....   1%          2    None
d - Regeneration          Chrm/Necr      #####.....   1%          3    None
e - Airstrike             Air            #####.....   1%          4    ###....
w - Force Lance           Conj/Tloc      #####...     1%          4    ###....

Your spell library contained the following spells:

 Spells                   Type           Power        Failure   Level  Hunger
 Animate Skeleton         Necr           N/A          1%          1    None
 Apportation              Tloc           #####.       1%          1    None
 Confusing Touch          Hex            #####.       1%          1    None
 Corona                   Hex            #####..      1%          1    None
 Magic Dart               Conj           ####         1%          1    None
 Shock                    Conj/Air       ####         1%          1    None
 Summon Small Mammal      Summ           ####         1%          1    None
 Corpse Rot               Necr           N/A          1%          2    None
 Searing Ray              Conj           #####.       1%          2    None
 Slow                     Hex            #####...     1%          2    None
 Confuse                  Hex            #####...     1%          3    None
 Dazzling Spray           Conj/Hex       #####.       1%          3    None
 Gell's Gravitas          Tloc           #####.....   1%          3    None
 Inner Flame              Hex/Fire       #####...     1%          3    None
 Portal Projectile        Hex/Tloc       #####.       1%          3    None
 Spectral Weapon          Hex/Chrm       #####...     1%          3    None
 Static Discharge         Conj/Air       #####...     1%          3    None
 Stone Arrow              Conj/Erth      #####.       1%          3    None
 Cause Fear               Hex            #####.....   1%          4    ###....
 Fulminant Prism          Conj/Hex       #####.....   1%          4    ###....
 Iskenderun's Mystic Bla  Conj           #####...     1%          4    ###....
 Leda's Liquefaction      Hex/Erth       #####.....   1%          4    ###....
 Petrify                  Tmut/Erth      #####...     1%          4    ###....
 Metabolic Englaciation   Hex/Ice        #####.....   3%          5    #####..
 Summon Forest            Summ/Tloc      #####.....   3%          5    #####..
 Yara's Violent Unravell  Hex/Tmut       #####.....   3%          5    #####..
 Bolt of Cold             Conj/Ice       #####.....   17%         6    ######.
 Hydra Form               Tmut           #####.....   17%         6    ######.
 Summon Hydra             Summ           #####.....   65%         7    #######


Dungeon Overview and Level Annotations

Branches:
Dungeon (15/15)            Temple (1/1) D:5            Lair (6/6) D:9
 Shoals (0/4) Lair:4       Spider (0/4) Lair:3        Slime (0/5) Lair:5
    Orc (0/2) D:9          Vaults (0/5) D:13         Depths (0/5) D:15

Altars:
Ashenzari
Cheibriados
Dithmenos
Elyvilon
Fedhas
Gozag
Hepliaklqana
Kikubaaqudgha
Makhleb
Nemelex Xobeh
Okawaru
Qazlal
Ru
Sif Muna
Trog
Uskayaw
Vehumet
Wu Jian
Xom
Yredelemnul
Zin
The Shining One

Shops:
D:5 *   D:7 (   D:8 [   D:9 [   D:14 [*(*

Annotations:
D:3 Grinder
D:10 Sonja
D:12 3 runed translucent doors, Revguard's ghost, journeyman TrGl
Lair:1 2 transporters
Lair:3 1 runed translucent door, Leedonk's ghost, journeyman MiFi


Innate Abilities, Weirdness & Mutations

Your experience applies equally to all skills.
You have very sharp teeth.
Your uncanny sense of smell can sniff out nearby items.


Message History

The fire giant is moderately wounded.
Evoke which item? (* to show all) (? for menu, Esc to quit)
Aiming: Iceblast
Press: ? - help, Shift-Dir - straight line, f - fire giant
Aim: a fire giant, wielding a +2 great sword of flaming (moderately wounded)
The mass of ice explodes!
The iceblast engulfs the fire giant!!
The fire giant is heavily wounded.
The fire giant gestures at you while chanting.
The fireball explodes!
The fireball engulfs you!!!
* * * LOW HITPOINT WARNING * * *
Okay, then.
Okay, then.
Okay, then.
As you read the scroll of teleportation, it crumbles to dust.
You feel strangely unstable.
You are confused.
You feel invigorated.
The fire giant gestures at you while chanting.
The bolt of fire hits you!!
You die...

#...#*, #..##...#
#...##.........#.##
........§.≈§≈§....#
......≈≈§≈#≈§≈≈...#
......≈#§≈≈§≈#≈...#
#....≈≈≈§.≈.≈≈≈§..#
#.....≈§....≈≈≈...#
....§≈#≈≈.>..§.≈..#
#..§..≈≈...C≈.≈.@##
###..≈§≈≈.≈§§§§≈.#
# * , ≈≈≈§#§§.# #
,, ≈#≈≈≈≈..# #
*,,,, §.≈§§§§.##
,,.......## * ,
,...####* * ###*


You could see a fire giant.

Vanquished Creatures
  Gastronok (Lair:1)
  Azrael (D:15)
  Josephine (D:13)
  4 vault guards (D:13)
  A death knight (D:14)
  4 hydras
  3 centaur warriors
  Erica (Lair:2)
  4 two-headed ogres
  2 thrashing horrors (Gauntlet)
  4 skeletal warriors
  A sea snake (Lair:6)
  2 wizards
  2 unseen horrors
  An orc knight (D:13)
  2 oklob plants
  9 ugly things
  2 cyclopes
  5 manticores
  Joseph (D:8)
  4 elephants
  2 black mambas (Lair:4)
  4 centaur zombies
  10 spiny frogs
  5 gargoyles
  3 rime drakes
  2 freezing wraiths (D:14)
  2 kobold demonologists (D:15)
  8 komodo dragons
  2 efreet
  4 guardian mummies (D:13)
  A tengu conjurer (D:13)
  An ice devil (Gauntlet)
  A queen bee (Lair:5)
  3 meliai (Lair:5)
  2 trolls
  2 wind drakes (Lair:6)
  4 hornets
  A polar bear (Lair:6)
  A blink frog (shapeshifter) (D:15)
  8 hippogriffs
  3 slime creatures (D:10)
  4 small abominations (Gauntlet)
  13 spriggans
  2 shadows
  A centaur simulacrum (D:14)
  A vampire (D:14)
  A human (D:13)
  A steam dragon (D:15)
  24 yaks
  8 wraiths
  4 wyverns
  A tarantella (shapeshifter) (D:15)
  4 fire elementals (D:15)
  4 vampire mosquitoes (D:15)
  Menkaure (D:4)
  3 acid dragons
  A soldier ant (D:12)
  11 water moccasins
  9 porcupines
  5 ice beasts
  2 hell hounds (D:15)
  7 orc warriors
  4 black bears
  A hornet zombie (D:11)
  6 ogres
  2 necrophages
  3 phantoms
  4 sky beasts
  An eye of draining (D:8)
  3 boggarts (Lair:4)
  7 centaurs
  12 crocodiles
  5 big kobolds
  14 bullfrogs
  A water moccasin zombie (D:11)
  3 gnoll sergeants
  A scorpion (D:10)
  31 killer bees
  12 wights
  3 crimson imps
  4 howler monkeys
  2 bullfrog zombies (D:12)
  A quasit (D:13)
  4 jellies
  4 hounds
  2 bullfrog skeletons
  4 centaur skeletons
  2 orc priests
  19 orc wizards
  Natasha (thrice) (D:4)
  5 iguanas
  11 worker ants
  A killer bee zombie (D:8)
  2 hound skeletons
  4 mummies (D:13)
  A howler monkey zombie (D:4)
  2 worker ant zombies
  19 gnolls
  14 adders
  4 shadow imps
  3 white imps (Gauntlet)
  7 oozes
  An adder skeleton (D:8)
  An adder zombie (D:8)
  4 worms
  A dart slug (D:1)
  4 leopard geckos
  41 orcs
  2 ball pythons
  2 giant cockroaches
  9 goblins
  8 hobgoblins
  7 jackals
  26 kobolds
  2 quokkas
  5 bats
  5 frilled lizards
  A jackal skeleton (D:6)
  A leopard gecko skeleton (D:7)
  A leopard gecko zombie (D:5)
  A quokka skeleton (D:4)
  5 rats
589 creatures vanquished.

Vanquished Creatures (others)
  A centaur warrior (D:15)
  A crimson imp (D:12)
  An orc (D:13)
  A bush (Lair:5)
  2 fungi
  9 plants
  A spectral weapon (D:10)
16 creatures vanquished.

Grand Total: 605 creatures vanquished

Notes
Turn   | Place    | Note
-------+----------+-------------------------------------------
     0 | D:1      | Thargor the Gnoll Skald began the quest for the Orb.
     0 | D:1      | Reached XP level 1. HP: 20/20 MP: 6/6
   236 | D:1      | Reached XP level 2. HP: 25/26 MP: 4/7
   524 | D:1      | Reached XP level 3. HP: 31/31 MP: 5/9
   530 | D:1      | Reached skill level 5 in Spellcasting
   755 | D:1      | You fall through a shaft!
   800 | D:2      | Reached skill level 1 in Invocations
   871 | D:2      | Reached skill level 1 in Short Blades
   871 | D:2      | Reached skill level 1 in Axes
   871 | D:2      | Reached skill level 1 in Maces & Flails
   871 | D:2      | Reached skill level 1 in Polearms
   871 | D:2      | Reached skill level 1 in Staves
   871 | D:2      | Reached skill level 1 in Slings
   871 | D:2      | Reached skill level 1 in Bows
   871 | D:2      | Reached skill level 1 in Crossbows
   871 | D:2      | Reached skill level 1 in Throwing
   871 | D:2      | Reached skill level 1 in Stealth
   871 | D:2      | Reached skill level 1 in Shields
   871 | D:2      | Reached skill level 1 in Unarmed Combat
   871 | D:2      | Reached skill level 1 in Evocations
   985 | D:2      | Reached XP level 4. HP: 38/38 MP: 11/11
  1339 | D:2      | Noticed an ogre
  1349 | D:2      | Killed an ogre
  1349 | D:2      | Reached skill level 1 in Conjurations
  1349 | D:2      | Reached skill level 1 in Hexes
  1349 | D:2      | Reached skill level 1 in Summonings
  1349 | D:2      | Reached skill level 1 in Necromancy
  1349 | D:2      | Reached skill level 1 in Translocations
  1349 | D:2      | Reached skill level 1 in Transmutations
  1349 | D:2      | Reached skill level 1 in Fire Magic
  1349 | D:2      | Reached skill level 1 in Ice Magic
  1349 | D:2      | Reached skill level 1 in Air Magic
  1349 | D:2      | Reached skill level 1 in Earth Magic
  1349 | D:2      | Reached skill level 1 in Poison Magic
  1349 | D:2      | Reached XP level 5. HP: 7/43 MP: 6/12
  1608 | D:2      | Found a faded altar of an unknown god.
  2030 | D:3      | Found a white marble altar of Elyvilon.
  2194 | D:3      | Noticed Grinder
  2554 | D:3      | Reached XP level 6. HP: 40/50 MP: 3/13
  2682 | D:3      | Found a hazy altar of Hepliaklqana.
  2685 | D:3      | Found a snail-covered altar of Cheibriados.
  2688 | D:3      | Found a radiant altar of Vehumet.
  2832 | D:4      | Noticed Natasha
  2838 | D:3      | Learned a level 2 spell: Song of Slaying
  2841 | D:3      | Learned a level 2 spell: Shroud of Golubria
  2845 | D:3      | Learned a level 3 spell: Regeneration
  2849 | D:3      | Learned a level 3 spell: Spectral Weapon
  3015 | D:4      | Killed Natasha
  3015 | D:4      | Reached skill level 5 in Fighting
  3015 | D:4      | Reached skill level 5 in Long Blades
  3015 | D:4      | Reached skill level 5 in Dodging
  3166 | D:4      | Noticed Natasha
  3181 | D:4      | Killed Natasha
  3223 | D:4      | Noticed Natasha
  3233 | D:4      | Killed Natasha
  3237 | D:4      | Reached XP level 7. HP: 23/56 MP: 0/15
  3422 | D:4      | Noticed Menkaure
  3432 | D:4      | Killed Menkaure
  3749 | D:5      | Entered Level 5 of the Dungeon
  4315 | D:5      | Reached XP level 8. HP: 63/63 MP: 4/16
  4498 | D:5      | Found Faick's General Store.
  4508 | D:5      | Bought a potion of degeneration for 12 gold pieces
  4508 | D:5      | Bought a scroll of enchant armour for 90 gold pieces
  4508 | D:5      | Bought a scroll of noise for 12 gold pieces
  4800 | D:5      | Found a staircase to the Ecumenical Temple.
  4809 | Temple   | Entered the Ecumenical Temple
  4893 | Temple   | Became a worshipper of Ashenzari the Shackled
  5057 | D:6      | HP: 1/63 [ogre/+0 giant spiked club (33)]
  5581 | D:6      | Found an ancient bone altar of Kikubaaqudgha.
  5924 | D:6      | Found an iron altar of Okawaru.
  6464 | D:7      | Found Owkymos's Weapon Shop.
  6637 | D:7      | Reached XP level 9. HP: 54/69 MP: 4/18
  7239 | D:7      | Got the falchion of Thargor's Evisceration {flame, Str-4
                  | Dex+7 SInv}
  7240 | D:7      | Identified the +11 falchion of Thargor's Evisceration
                  | {flame, Str-4 Dex+7 SInv} (You found it on level 7 of the
                  | Dungeon)
  7258 | D:7      | Found a bloodstained altar of Trog.
  7351 | D:7      | Reached skill level 5 in Armour
  7707 | D:7      | Found a shadowy altar of Dithmenos.
  7763 | D:8      | Reached skill level 5 in Invocations
  7984 | D:8      | Reached XP level 10. HP: 61/77 MP: 12/20
  8170 | D:8      | Noticed a two-headed ogre
  8178 | D:8      | Killed a two-headed ogre
  8178 | D:8      | Reached skill level 5 in Short Blades
  8178 | D:8      | Reached skill level 5 in Axes
  8178 | D:8      | Reached skill level 5 in Maces & Flails
  8178 | D:8      | Reached skill level 5 in Polearms
  8178 | D:8      | Reached skill level 5 in Staves
  8178 | D:8      | Reached skill level 5 in Slings
  8178 | D:8      | Reached skill level 5 in Bows
  8178 | D:8      | Reached skill level 5 in Crossbows
  8178 | D:8      | Reached skill level 5 in Throwing
  8178 | D:8      | Reached skill level 5 in Stealth
  8178 | D:8      | Reached skill level 5 in Shields
  8178 | D:8      | Reached skill level 5 in Unarmed Combat
  8178 | D:8      | Reached skill level 5 in Evocations
  8258 | D:8      | Found a white marble altar of Elyvilon.
  8260 | D:8      | Noticed Joseph
  8285 | D:8      | Killed Joseph
  8756 | D:8      | Found Uliun's Antique Armour Emporium.
  8765 | D:8      | Bought an ancient robe for 125 gold pieces
  9008 | D:8      | Found a glowing golden altar of the Shining One.
  9207 | D:9      | Found Molock's Antique Armour Shoppe.
  9435 | D:9      | Found a staircase to the Orcish Mines.
  9490 | D:9      | Found a staircase to the Lair.
  9500 | Lair:1   | Entered Level 1 of the Lair of Beasts
  9569 | Lair:1   | Noticed a spiny frog
  9585 | Lair:1   | Noticed a spiny frog
  9588 | Lair:1   | Killed a spiny frog
  9590 | Lair:1   | Killed a spiny frog
  9628 | D:9      | Bought a dazzling helmet for 266 gold pieces
  9638 | D:9      | Identified the +2 helmet "Fuero" {MR+ Str+4 Slay+3 Stlth+}
                  | (You bought it in a shop on level 9 of the Dungeon)
  9646 | D:10     | Entered Level 10 of the Dungeon
  9646 | D:10     | Noticed Sonja
  9818 | D:10     | Reached XP level 11. HP: 84/84 MP: 14/22
  9840 | D:10     | Reached * piety under Ashenzari
 10078 | D:11     | Found a gate leading to a gauntlet.
 10121 | Gauntlet | Entered a Gauntlet
 10121 | Gauntlet | Found a transporter.
 10121 | Gauntlet | Found a transporter.
 10125 | Gauntlet | Found a transporter.
 10125 | Gauntlet | Found a transporter.
 10129 | Gauntlet | Found a transporter.
 10129 | Gauntlet | Found a transporter.
 10151 | Gauntlet | Noticed an oklob plant
 10219 | Gauntlet | Found a transporter.
 10223 | Gauntlet | Found a transporter.
 10226 | Gauntlet | Noticed an obsidian statue
 10231 | Gauntlet | Identified the +2 hat of Qahil {-Cast rElec rN++ rCorr}
 10231 | Gauntlet | Found a transporter.
 10246 | Gauntlet | Noticed a thrashing horror
 10247 | Gauntlet | Found the ring of the Octopus King {Wiz AC+1 EV+1 Str+1
                  | Int+1 Dex+1}
 10247 | Gauntlet | Found the ring of the Octopus King {Wiz AC+1 EV+1 Str+1
                  | Int+1 Dex+1}
 10248 | Gauntlet | Found a transporter.
 10248 | Gauntlet | Noticed a thrashing horror
 10263 | Gauntlet | Found a transporter.
 10267 | Gauntlet | Found a transporter.
 10623 | Gauntlet | Killed an oklob plant
 10623 | Gauntlet | Reached skill level 5 in Conjurations
 10623 | Gauntlet | Reached skill level 5 in Hexes
 10623 | Gauntlet | Reached skill level 5 in Summonings
 10623 | Gauntlet | Reached skill level 5 in Necromancy
 10623 | Gauntlet | Reached skill level 5 in Translocations
 10623 | Gauntlet | Reached skill level 5 in Transmutations
 10623 | Gauntlet | Reached skill level 5 in Fire Magic
 10623 | Gauntlet | Reached skill level 5 in Ice Magic
 10623 | Gauntlet | Reached skill level 5 in Air Magic
 10623 | Gauntlet | Reached skill level 5 in Earth Magic
 10623 | Gauntlet | Reached skill level 5 in Poison Magic
 10672 | Gauntlet | Noticed a fire crab
 10836 | Gauntlet | Identified Taothe's Tome of the Snowflakes and Flight
 10838 | Gauntlet | Killed a thrashing horror
 10839 | Gauntlet | Killed a thrashing horror
 11085 | Gauntlet | Identified the +6 chain mail of Naste {rElec MR+ Str+2}
 11085 | Gauntlet | Noticed a minotaur
 11103 | Gauntlet | HP: 3/86 [minotaur/javelin (11)]
 12048 | D:12     | Noticed a manticore
 12049 | D:12     | Found a runed translucent gate.
 12049 | D:12     | Found a runed translucent gate.
 12051 | D:12     | Found a runed translucent gate.
 12053 | D:12     | Noticed an eight-headed hydra
 12055 | D:12     | Noticed Revguard's ghost (journeyman TrGl)
 12193 | D:12     | Noticed a cyclops
 12204 | D:12     | Killed a cyclops
 12204 | D:12     | Reached XP level 12. HP: 93/93 MP: 20/24
 12270 | D:12     | Reached ** piety under Ashenzari
 12371 | D:12     | Noticed a two-headed ogre
 12380 | D:12     | Killed a two-headed ogre
 13099 | D:13     | Noticed a vault guard
 14040 | Lair:1   | Learned a level 4 spell: Airstrike
 14087 | Lair:1   | Noticed Gastronok
 14107 | Lair:1   | Killed Gastronok
 14177 | Lair:1   | Found a transporter.
 14200 | Lair:1   | Found a transporter.
 14581 | Lair:2   | Noticed Erica
 14591 | Lair:2   | Killed Erica
 14742 | Lair:2   | Reached *** piety under Ashenzari
 15249 | Lair:3   | Found a hole to the Spider Nest.
 15265 | Lair:3   | Found a runed translucent door.
 15265 | Lair:3   | Noticed Leedonk's ghost (journeyman MiFi)
 15266 | Lair:3   | Found the macabre finger necklace {rN+}
 15377 | Lair:3   | Noticed a five-headed hydra
 15383 | Lair:3   | Killed a four-headed hydra
 15414 | Lair:3   | Reached XP level 13. HP: 87/101 MP: 19/26
 17024 | D:13     | Killed a vault guard
 17037 | D:13     | Noticed a vault guard
 17478 | Lair:4   | Found a staircase to the Shoals.
 18080 | Lair:4   | Found a snail-covered altar of Cheibriados.
 18629 | Lair:4   | Reached **** piety under Ashenzari
 18821 | Lair:5   | Found a white marble altar of Elyvilon.
 19017 | Lair:5   | Found a staircase to the Slime Pits.
 19661 | Lair:6   | Entered Level 6 of the Lair of Beasts
 19672 | Lair:6   | Reached skill level 10 in Spellcasting
 19676 | Lair:6   | Reached XP level 14. HP: 93/109 MP: 15/28
 19727 | Lair:6   | Learned a level 4 spell: Force Lance
 19938 | Lair:6   | Reached skill level 10 in Fighting
 19938 | Lair:6   | Reached skill level 10 in Long Blades
 19938 | Lair:6   | Reached skill level 10 in Dodging
 20232 | Lair:6   | HP: 4/110 [drowned by a drowned soul[a merfolk avatar]
                  | (15)]
 20812 | D:13     | Reached ***** piety under Ashenzari
 21202 | D:13     | Noticed Josephine
 21213 | D:13     | Killed Josephine
 21378 | D:13     | Noticed a reaper
 21378 | D:13     | Noticed a reaper
 21378 | D:13     | Noticed a reaper
 21378 | D:13     | Noticed a reaper
 21379 | D:13     | Noticed a reaper
 21583 | D:13     | Reached skill level 10 in Invocations
 21692 | D:13     | Found a gate to the Vaults.
 22254 | D:14     | Found Keuffiy's General Store.
 22306 | D:14     | Found Gatekk's Antique Weapon Shop.
 22359 | D:14     | Found Doti Sah's General Store.
 22627 | D:14     | Found Ahuim's Antique Armour Emporium.
 22818 | D:15     | Entered Level 15 of the Dungeon
 22843 | D:15     | Reached XP level 15. HP: 115/115 MP: 24/29
 22946 | D:15     | Reached skill level 10 in Armour
 23612 | D:15     | Noticed Azrael
 23631 | D:15     | Killed Azrael
 23660 | D:15     | Noticed a fire giant
 23678 | D:15     | Identified a scroll of acquirement
 23702 | D:15     | Found a staircase to the Depths.
 23719 | D:15     | Killed from afar by a fire giant

Skill      XL: |  1  2  3  4  5  6  7  8  9 10 11 12 13 14 15 |
---------------+----------------------------------------------+-----
Spellcasting   | 5 6 7 8 9 10 | 10.9
Invocations    | 1 2 3 4 5 6 7 8 9 10 | 10.6
Short Blades   | 1 2 3 4 5 6 7 8 9 |  9.8
Axes           | 1 2 3 4 5 6 7 8 9 |  9.8
Maces & Flails | 1 2 3 4 5 6 7 8 9 |  9.8
Polearms       | 1 2 3 4 5 6 7 8 9 |  9.8
Staves         | 1 2 3 4 5 6 7 8 9 |  9.8
Slings         | 1 2 3 4 5 6 7 8 9 |  9.8
Bows           | 1 2 3 4 5 6 7 8 9 |  9.8
Crossbows      | 1 2 3 4 5 6 7 8 9 |  9.8
Throwing       | 1 2 3 4 5 6 7 8 9 |  9.8
Stealth        | 1 2 3 4 5 6 7 8 9 |  9.8
Shields        | 1 2 3 4 5 6 7 8 9 |  9.8
Unarmed Combat | 1 2 3 4 5 6 7 8 9 |  9.8
Evocations     | 1 2 3 4 5 6 7 8 9 |  9.8
Armour         | 3 4 5 6 7 8 9 10 | 10.1
Conjurations   | 1 2 3 4 5 6 7 8 |  8.2
Hexes          | 1 2 3 4 5 6 7 8 |  8.2
Summonings     | 1 2 3 4 5 6 7 8 |  8.2
Necromancy     | 1 2 3 4 5 6 7 8 |  8.2
Translocations | 1 2 3 4 5 6 7 8 |  8.2
Transmutations | 1 2 3 4 5 6 7 8 |  8.2
Fire Magic     | 1 2 3 4 5 6 7 8 |  8.2
Ice Magic      | 1 2 3 4 5 6 7 8 |  8.2
Air Magic      | 1 2 3 4 5 6 7 8 |  8.2
Earth Magic    | 1 2 3 4 5 6 7 8 |  8.2
Poison Magic   | 1 2 3 4 5 6 7 8 |  8.2
Fighting       | 5 6 7 8 9 10 | 10.7
Long Blades    | 5 6 7 8 9 10 | 10.7
Dodging        | 5 6 7 8 9 10 | 10.7
Charms         | 6 7 8 9 |  9.9

Action                   |  1- 3 |  4- 6 |  7- 9 | 10-12 | 13-15 || total
-------------------------+-------+-------+-------+-------+-------++-------
Melee: Falchion          |    74 |   153 |   315 |   377 |   675 ||  1594
       Bite              |    11 |    22 |    40 |    78 |   172 ||   323
       Punch             |     1 |     1 |     4 |    17 |     2 ||    25
Throw: Tomahawk          |       |       |       |     9 |    12 ||    21
       Javelin           |       |       |       |       |     2 ||     2
 Cast: Infusion          |     7 |     9 |    25 |    36 |    45 ||   122
       Shroud of Golubri |       |     5 |    28 |    42 |    58 ||   133
       Song of Slaying   |       |     3 |    21 |    32 |    40 ||    96
       Regeneration      |       |       |     5 |     8 |     9 ||    22
       Spectral Weapon   |       |       |     3 |     2 |       ||     5
       Airstrike         |       |       |       |     1 |    11 ||    12
Invok: Curse Item        |       |       |     1 |     2 |     1 ||     4
Evoke: Wand              |       |       |     1 |    20 |    20 ||    41
  Use: Scroll            |       |    12 |     7 |    12 |    13 ||    44
       Potion            |       |       |     3 |     5 |    10 ||    18
 Stab: Sleeping          |     2 |     2 |     3 |    18 |    12 ||    37
       Distracted        |       |       |     1 |     1 |     1 ||     3
       Paralysed         |       |       |       |       |     2 ||     2
  Eat: Chunk             |       |     4 |     5 |    12 |    12 ||    33
       Ration            |       |     1 |     3 |     4 |     5 ||    13
Armor: Leather armour    |    16 |    52 |    77 |    92 |   111 ||   348
Dodge: Dodged            |    44 |   134 |   285 |   407 |   495 ||  1365
Block: Buckler           |       |       |       |       |   298 ||   298
       Rpst.: Falchion   |    12 |    38 |    83 |   102 |   108 ||   343
